 Dungeon Crawl Stone Soup version 0.20.1-1-g8b1a95d (webtiles) character file.

820 MorkOrcishKhan the Slasher (level 7, -5/62 HPs)
             Began as a Hill Orc Monk on Sept 20, 2017.
             Was a Believer of Beogh.
             Killed from afar by Dowan (15 damage)
             ... with a stone arrow
             ... on level 5 of the Dungeon.
             The game lasted 00:26:55 (4385 turns).

MorkOrcishKhan the Slasher (Hill Orc Monk)          Turns: 4385, Time: 00:26:56

Health: -5/62      AC: 11    Str: 14    XL:     7   Next: 95%
Magic:  7/7        EV: 10    Int: 10    God:    Beogh [**....]
Gold:   163        SH:  4    Dex: 15    Spells: 6/6 levels left

rFire    . . .     SeeInvis .   q - +0 great sword
rCold    . . .     Gourm    .   (shield currently unavailable)
rNeg     . . .     Faith    .   A - +3 scale mail
rPois    .         Spirit   .   (no helmet)
rElec    .         Reflect  +   (no cloak)
rCorr    .         Harm     .   (no gloves)
MR       .....                  u - +0 pair of boots
Stlth    +.........             n - +4 amulet of reflection
Regen    0.2/turn               (no ring)
MPRegen  0.1/turn               (no ring)

@: flying
A: no striking features
a: Smiting, Renounce Religion


You were on level 5 of the Dungeon.
You worshipped Beogh.
Beogh was pleased with you.
You were very full.

You visited 1 branch of the dungeon, and saw 5 of its levels.

You collected 163 gold pieces.

Inventory:

Hand Weapons
 d - a +2 hand axe of electrocution
 q - a +0 great sword (weapon)
Armour
 i - a +0 ring mail
 s - a +0 leather armour
 u - a +0 pair of boots (worn)
 A - a +3 scale mail (worn)
Jewellery
 n - a +4 amulet of reflection (around neck)
Scrolls
 e - 3 scrolls of recharging {unknown}
 f - 2 scrolls of random uselessness {unknown}
 h - 6 scrolls of remove curse
 j - 2 scrolls of enchant armour {unknown}
 l - a scroll of noise {unknown}
 m - 2 scrolls of teleportation {unknown}
 o - a scroll of enchant weapon {unknown}
Potions
 a - 2 potions of brilliance
 b - 3 potions of curing
 g - 2 potions of haste
 r - 2 potions of berserk rage {unknown}
 t - a potion of agility
 v - a potion of magic {unknown}
 z - 2 potions of cancellation {unknown}
Comestibles
 c - a bread ration


   Skills:
 + Level 5.8 Fighting
 + Level 7.8 Long Blades
 + Level 3.6 Armour
 + Level 3.0 Dodging
 - Level 1.5 Stealth


You had 6 spell levels left.
You didn't know any spells.

Dungeon Overview and Level Annotations

Branches:
Dungeon (5/15)
 Temple: D:4-7

Altars:
Vehumet

Annotations:
D:5 Dowan


Message History

You miss Dowan. Dowan casts a spell at you. The stone arrow misses you.
Dowan hits you but does no damage.
Your scale mail prevents you from hitting Dowan.
Dowan completely misses you.
Dowan hits you with a dagger of electrocution.
You are electrocuted!
You closely miss Dowan. You block Dowan's attack. x2
You closely miss Dowan. Dowan hits you but does no damage.
You are electrocuted!
* * * LOW HITPOINT WARNING * * *
Dowan hits you but does no damage.
You slice Dowan!!
Dowan is severely wounded.
You block Dowan's attack. Dowan hits you but does no damage.
You barely miss Dowan.
Dowan is severely wounded.
Dowan casts a spell at you. The stone arrow hits you!
You die...

#..#........
#..##.#..### #........#
#####.#### ######## #.#
#......# #.# # ##..#
#.# ... ##.#†###.#
.....#@##..##.#######
........e).(...(.....#
......#.##..##.#.......
#...#.##.#.##....###.#.
##. # #..#.....# #
....##....#
########.#.# #.#.#
#.#.#


You could see Dowan.

Vanquished Creatures
  Duvessa (D:5)
  A sky beast (D:5)
  A black bear (D:4)
  An ogre (D:5)
  Blork the orc (D:5)
  A howler monkey (D:5)
  A centaur skeleton (D:5)
  An orc wizard (D:4)
  Jessica (D:2)
  4 worker ants
  7 adders
  An adder skeleton (D:4)
  5 worms
  2 dart slugs
  3 leopard geckos
  9 orcs
  6 giant cockroaches
  10 goblins
  6 hobgoblins
  6 jackals
  9 kobolds
  2 ball pythons
  12 bats
  4 frilled lizards
  A jackal skeleton (D:4)
  5 rats
101 creatures vanquished.

Vanquished Creatures (others)
  An orc priest (D:5)
  2 orcs (D:5)
3 creatures vanquished.

Grand Total: 104 creatures vanquished

Notes
Turn   | Place    | Note
-------+----------+-------------------------------------------
     0 | D:1      | MorkOrcishKhan the Hill Orc Monk began the quest for the Orb.
     0 | D:1      | Reached XP level 1. HP: 19/19 MP: 1/1
   319 | D:1      | Reached XP level 2. HP: 27/27 MP: 2/2
   955 | D:1      | Reached skill level 4 in Long Blades
  1067 | D:1      | Reached XP level 3. HP: 24/33 MP: 3/3
  1196 | D:2      | Noticed Jessica
  1203 | D:2      | Killed Jessica
  1273 | D:2      | Reached XP level 4. HP: 40/40 MP: 4/4
  1720 | D:2      | Reached skill level 5 in Long Blades
  1859 | D:2      | Reached XP level 5. HP: 41/47 MP: 5/5
  1910 | D:2      | Reached skill level 1 in Armour
  3236 | D:4      | Noticed a black bear
  3247 | D:4      | Killed a black bear
  3247 | D:4      | Reached skill level 6 in Long Blades
  3247 | D:4      | Reached XP level 6. HP: 44/55 MP: 6/6
  3317 | D:4      | Found a radiant altar of Vehumet.
  3489 | D:4      | Reached skill level 5 in Fighting
  3800 | D:5      | Entered Level 5 of the Dungeon
  3811 | D:5      | Became a worshipper of Beogh the Brigand
  3811 | D:5      | Reached * piety under Beogh
  3811 | D:5      | Reached ** piety under Beogh
  3813 | D:5      | Reached XP level 7. HP: 20/61 MP: 7/7
  4149 | D:5      | Reached skill level 7 in Long Blades
  4344 | D:5      | Noticed Blork the orc
  4347 | D:5      | Noticed Duvessa
  4355 | D:5      | Killed Blork the orc
  4367 | D:5      | Killed Duvessa
  4368 | D:5      | Noticed Dowan
  4385 | D:5      | Killed from afar by Dowan

Skill      XL: |  1  2  3  4  5  6  7 |
---------------+----------------------+-----
Long Blades    | 4 5 6 7 |  7.8
Fighting       | 4 5 |  5.8
Armour         | 2 3 |  3.6
Dodging        | 3 |  3.0
Stealth        | |  1.5

Action                   |  1- 3 |  4- 6 |  7- 9 || total
-------------------------+-------+-------+-------++-------
Melee: Falchion          |    79 |    53 |       ||   132
       Great sword       |       |   139 |    57 ||   196
Throw: Tomahawk          |       |     1 |     5 ||     6
Invok: Convert to Beogh  |       |     1 |       ||     1
  Use: Scroll            |       |     3 |     1 ||     4
       Potion            |       |       |     2 ||     2
 Stab: Sleeping          |     2 |     1 |       ||     3
  Eat: Chunk             |     1 |     6 |       ||     7
       Bread ration      |       |     2 |       ||     2
       Royal jelly       |       |     1 |       ||     1
       Fruit             |       |     1 |       ||     1
Armor: Robe              |     8 |       |       ||     8
       Ring mail         |     8 |    63 |       ||    71
       Scale mail        |       |     1 |    33 ||    34
Dodge: Dodged            |    51 |   122 |    15 ||   188
Block: Other             |       |    32 |    11 ||    43
       Reflection        |       |     3 |       ||     3
       Rpst.: Falchion   |    18 |    13 |       ||    31
       Great sword       |       |    29 |     7 ||    36
